 Dungeon Crawl Stone Soup version 0.22.0-38-g04b72b8 (webtiles) character file.

3025 Lew the Protected (level 9, -1/81 HPs)
             Began as a Minotaur Fighter on Aug 29, 2018.
             Was a Believer of Okawaru.
             Slain by an orc warrior
             ... wielding a +0 dire flail
              (15 damage)
             ... on level 8 of the Dungeon.
             The game lasted 00:15:10 (6841 turns).

Lew the Protected (Minotaur Fighter)                Turns: 6841, Time: 00:15:10

Health: -1/81      AC:  9    Str: 22    XL:     9   Next: 55%
Magic:  9/9        EV: 13    Int:  5    God:    Okawaru [**....]
Gold:   339        SH:  8    Dex: 12    Spells: 8/8 levels left

rFire    . . .     SeeInvis +   a - +0 long sword
rCold    . . .     Gourm    .   s - +2 buckler
rNeg     . . .     Faith    .   b - +0 scale mail
rPois    .         Spirit   .   (helmet restricted)
rElec    .         Reflect  .   y - +0 cloak
rCorr    .         Harm     .   (no gloves)
MR       .....                  (no boots)
Stlth    ..........             (no amulet)
HPRegen  0.23/turn              (no ring)
MPRegen  0.11/turn              (no ring)

@: drained
A: retaliatory headbutt, horns 2, see invisible, sense surroundings 1, subdued
magic 1
a: Heroism, Renounce Religion


You were on level 8 of the Dungeon.
You worshipped Okawaru.
Okawaru was pleased with you.
You were not hungry.

You visited 2 branches of the dungeon, and saw 9 of its levels.
You also visited: Sewer.

You collected 381 gold pieces.
You spent 42 gold pieces at shops.

Inventory:

Hand Weapons
 a - a +0 long sword (weapon)
Armour
 b - a +0 scale mail (worn)
 c - a +0 shield
 s - a +2 buckler (worn)
 y - a +0 cloak (worn)
Jewellery
 o - an uncursed amulet of guardian spirit
Wands
 g - a wand of clouds (5)
 t - a wand of random effects (26)
 x - a wand of flame (7)
 A - a wand of enslavement (13)
Scrolls
 h - a scroll of identify
 i - 5 scrolls of teleportation
 k - a scroll of silence
 m - 2 scrolls of enchant armour
 r - a scroll of fog
 u - 2 scrolls of remove curse
 v - a scroll of amnesia
 z - 2 scrolls of fear
 B - a scroll of magic mapping
Potions
 d - a potion of might
 e - 2 potions of degeneration
 j - 4 potions of brilliance
 l - 3 potions of flight
 p - 7 potions of curing
Comestibles
 f - 6 rations


   Skills:
 * Level 8.1(8.0) Fighting
 * Level 7.6(7.5) Long Blades
 * Level 8.1(8.0) Armour
 + Level 5.9(5.8) Dodging
 * Level 8.0(7.9) Shields
 + Level 1.3(1.2) Invocations


You had 8 spell levels left.
You didn't know any spells.
Your spell library contained the following spells:

 Spells                   Type           Power        Failure   Level  Hunger
 Corona                   Hex            #......      73%         1    ##.....
 Slow                     Hex            #.......     86%         2    ###....
 Inner Flame              Hex/Fire       #.......     98%         3    ####...
 Portal Projectile        Hex/Tloc       #.....       98%         3    ####...
 Cause Fear               Hex            #.........   100%        4    #####..
 Leda's Liquefaction      Hex/Erth       #.........   100%        4    #####..


Dungeon Overview and Level Annotations

Branches:
Dungeon (8/15)             Temple (1/1) D:6
   Lair: D:8-11

Altars:
Ashenzari
Cheibriados
Dithmenos
Elyvilon
Fedhas
Hepliaklqana
Kikubaaqudgha
Makhleb
Nemelex Xobeh
Okawaru
Qazlal
Ru
Sif Muna
Trog
Uskayaw
Vehumet
Wu Jian
Xom
Yredelemnul
Zin
The Shining One

Shops:
D:6 !


Innate Abilities, Weirdness & Mutations

You reflexively headbutt those who attack you in melee.
You have a pair of horns on your head.
You have supernaturally acute eyesight. (SInv)
You passively map a small area around you.
Your spells are a little easier to cast, but a little less powerful.


Message History

You hit the orc warrior.
The orc warrior is severely wounded.
The orc closely misses you. The orc warrior closely misses you.
You furiously retaliate!
You headbutt the orc warrior.
You hit the orc warrior but do no damage.
The orc warrior is severely wounded.
The orc hits you but does no damage. You block the orc warrior's attack.
You closely miss the orc warrior.
The orc warrior is severely wounded.
The orc hits you but does no damage. The orc warrior barely misses you.
You closely miss the orc warrior.
The orc warrior is severely wounded.
The orc hits you.
The orc warrior hits you with a dire flail!
* * * LOW HITPOINT WARNING * * *
You hit the orc warrior.
The orc warrior is almost dead.
You block the orc's attack.
The orc warrior hits you with a dire flail!
You die...

...≈≈≈≈≈≈......# ,
...≈≈;≈........# ≈
....≈.!.......####
,....≈............#
............####.#
*####.####....).#.# #.
#.###)##.# #
####.###.##.# , ,
#@().....[..# **
,#oo..†≈≈≈...# ,
#.........≈≈≈≈...# , ,
*#........≈≈≈≈≈...#
.........≈≈≈≈≈≈...#
....#.#...........#####
....#.####.###.##.#...#
, , ... #.
#.###.##.#.#.## , ##
#.* #.#....#.#.....


You could see an orc warrior and an orc.

Vanquished Creatures
  A hippogriff (D:7)
  A wyvern (D:8)
  Eustachio (D:5)
  A human (D:6)
  Menkaure (D:5)
  A water moccasin (D:8)
  An orc warrior (D:6)
  A sky beast (D:5)
  4 ogres
  A centaur (D:7)
  A crocodile (Sewer)
  A bullfrog (D:6)
  A scorpion (D:7)
  4 wights (D:8)
  6 killer bees (D:7)
  A water moccasin skeleton (D:6)
  2 howler monkeys
  3 hounds
  2 human zombies (D:6)
  Crazy Yiuf (D:2)
  A bullfrog skeleton (D:4)
  2 jellies
  An orc wizard (D:8)
  Jessica (D:2)
  A human skeleton (D:6)
  An iguana (D:6)
  5 worker ants
  A hound skeleton (D:4)
  A howler monkey zombie (D:6)
  A howler monkey skeleton (D:5)
  8 gnolls
  8 adders
  A shadow imp (D:5)
  4 adder skeletons
  An adder zombie (D:7)
  3 dart slugs
  3 leopard geckos
  29 orcs
  3 ball pythons
  8 bats
  A giant cockroach (D:7)
  6 goblins
  8 hobgoblins
  17 jackals
  7 kobolds
  4 quokkas
  3 frilled lizards
  A jackal skeleton (D:4)
  A quokka skeleton (D:6)
  A quokka zombie (D:5)
  5 rats
  3 fungi (D:1)
175 creatures vanquished.

Notes
Turn   | Place    | Note
-------+----------+-------------------------------------------
     0 | D:1      | Lew the Minotaur Fighter began the quest for the Orb.
     0 | D:1      | Reached XP level 1. HP: 19/19 MP: 0/0
   116 | D:2      | Reached XP level 2. HP: 23/27 MP: 1/1
   307 | D:3      | Reached XP level 3. HP: 32/33 MP: 2/2
   358 | D:4      | Reached skill level 1 in Dodging
   400 | D:4      | Reached XP level 4. HP: 27/40 MP: 3/3
   805 | D:4      | Noticed an ogre
   812 | D:4      | Killed an ogre
   812 | D:4      | Reached XP level 5. HP: 37/47 MP: 4/4
   960 | D:4      | Reached skill level 5 in Armour
   960 | D:4      | Reached XP level 6. HP: 51/55 MP: 5/5
  1007 | D:4      | Reached skill level 5 in Fighting
  1007 | D:4      | Reached skill level 5 in Shields
  1148 | D:5      | Entered Level 5 of the Dungeon
  1167 | D:5      | Found an ancient bone altar of Kikubaaqudgha.
  1179 | D:5      | Noticed a sky beast
  1184 | D:5      | Found an ornate altar of the Wu Jian Council.
  1200 | D:5      | Killed a sky beast
  1200 | D:5      | Reached XP level 7. HP: 5/61 MP: 6/6
  1247 | D:5      | Gained mutation: Your spells are a little easier to cast, but a little less powerful. [potion of mutation]
  1247 | D:5      | Gained mutation: You passively map a small area around you. [potion of mutation]
  1247 | D:5      | Gained mutation: You have supernaturally acute eyesight. (SInv) [potion of mutation]
  1271 | D:5      | Found a glowing drain.
  1447 | Sewer    | Entered a sewer
  1655 | D:6      | Found a hide-covered altar of Uskayaw.
  1655 | D:6      | Noticed an enchanted dagger
  1668 | D:6      | Reached skill level 5 in Long Blades
  1669 | D:6      | Noticed a dagger
  1769 | D:6      | Found an iron altar of Okawaru.
  1780 | D:6      | Found a staircase to the Ecumenical Temple.
  1843 | Temple   | Entered the Ecumenical Temple
  3052 | D:2      | Found a bloodstained altar of Trog.
  3345 | D:2      | Found a shattered altar of Ashenzari.
  3414 | D:2      | Found a runed door.
  3418 | D:2      | Noticed Crazy Yiuf
  3418 | D:2      | Noticed Jessica
  3427 | D:2      | Killed Crazy Yiuf
  3428 | D:2      | Killed Jessica
  3691 | D:3      | Found a sparkling altar of Nemelex Xobeh.
  3899 | D:3      | Reached XP level 8. HP: 70/70 MP: 7/7
  4026 | D:3      | Found a hazy altar of Hepliaklqana.
  4206 | D:5      | Noticed Eustachio
  4236 | D:5      | Killed Eustachio
  4343 | D:5      | Noticed Menkaure
  4351 | D:5      | Killed Menkaure
  4604 | D:6      | Found Uxtusm's Distillery.
  4864 | D:6      | Became a worshipper of Warmaster Okawaru
  4875 | D:6      | Reached skill level 5 in Dodging
  4945 | D:6      | Bought a potion of curing for 42 gold pieces
  5121 | D:6      | Found a shimmering altar of Xom.
  5121 | D:6      | Found a shimmering altar of Xom.
  5122 | D:6      | Found a shimmering altar of Xom.
  5122 | D:6      | Found a shimmering altar of Xom.
  5122 | D:6      | Found a shimmering altar of Xom.
  5123 | D:6      | Found a shimmering altar of Xom.
  5240 | D:6      | Found a runed door.
  5243 | D:6      | Found a basalt altar of Yredelemnul.
  5397 | D:6      | Found a burning altar of Makhleb.
  5397 | D:6      | Found a glowing golden altar of the Shining One.
  5503 | D:7      | Reached XP level 9. HP: 56/79 MP: 8/8
  5584 | D:7      | Reached * piety under Okawaru
  6144 | D:8      | Reached skill level 1 in Invocations
  6661 | D:8      | Reached ** piety under Okawaru
  6841 | D:8      | Slain by an orc warrior

Skill      XL: |  1  2  3  4  5  6  7  8  9 |
---------------+----------------------------+-----
Armour         | 4 5 6 7 8 |  8.1
Fighting       | 4 5 6 7 8 |  8.1
Shields        | 4 5 6 7 8 |  8.0
Long Blades    | 3 4 5 6 7 |  7.6
Dodging        | 1 2 3 4 5 |  5.9
Invocations    | 1 |  1.3

Action                   |  1- 3 |  4- 6 |  7- 9 || total
-------------------------+-------+-------+-------++-------
Melee: Long sword        |    46 |    77 |   396 ||   519
       Headbutt          |    10 |    22 |   113 ||   145
  Use: Scroll            |       |     2 |     8 ||    10
       Potion            |       |       |     8 ||     8
 Stab: Invisible         |       |       |     1 ||     1
       Sleeping          |       |       |     1 ||     1
  Eat: Chunk             |       |       |    13 ||    13
       Ration            |       |       |     2 ||     2
Armor: Scale mail        |    18 |    31 |   109 ||   158
Dodge: Dodged            |    10 |    29 |   196 ||   235
Block: Shield            |    23 |    53 |    39 ||   115
       Buckler           |       |       |   123 ||   123
       Rpst.: Long sword |     1 |     9 |    53 ||    63
